TOP OF THE 1ST |
Minnesota ManBearPigs batting - Pitching for Wilmington Rebels : LHP Ken Johnston
|
Pitching: LHP Ken Johnston
|
|
Batting: LHB Elvin Summers
|
0-0: Ball 1-0: Ground out 6-3 (Groundball, 6M)
|
Batting: RHB Carlos López
|
0-0: Called Strike 0-1: Foul Ball, location: 2F 0-2: Foul Ball, location: 2F 0-2: Strikes out looking
|
Batting: RHB Ricardo Salazar
|
0-0: Fly out, F8 (Flyball, 8RS)
|
Top of the 1st over - 0 run(s), 0 hit(s), 0 error(s), 0 left on base; Minnesota 0 - Wilmington 0 |
BOTTOM OF THE 1ST |
Wilmington Rebels batting - Pitching for Minnesota ManBearPigs : LHP Rob Price
|
Pitching: LHP Rob Price
|
|
Batting: RHB Jessie Thompson
|
0-0: Ball 1-0: Swinging Strike 1-1: Foul Ball, location: 2F 1-2: SOLO HOME RUN (Flyball, 7D), Distance : 383 ft
|
Batting: LHB Larry Smith
|
0-0: Ball 1-0: Called Strike 1-1: Ball 2-1: Ground out 5-3 (Groundball, 5)
|
Batting: RHB Remi Eruzione
|
0-0: Ball 1-0: Called Strike 1-1: Hit by Pitch
|
Batting: RHB Eugene Allen
|
0-0: Called Strike 0-1: Ball Remi Eruzione steals 2nd base 1-1: Called Strike 1-2: Foul Ball, location: 2F 1-2: Strikes out looking
|
Batting: RHB Al Reese
|
0-0: Foul Ball, location: 2F 0-1: Foul Ball, location: 2F 0-2: Foul Ball, location: 2F 0-2: Foul Ball, location: 2F 0-2: DOUBLE (Flyball, 89XD) Remi Eruzione scores
|
Batting: RHB Sergio Moreno
|
0-0: Called Strike 0-1: Fly out, F8 (Line Drive, 89D)
|
Bottom of the 1st over - 2 run(s), 2 hit(s), 0 error(s), 1 left on base; Minnesota 0 - Wilmington 2 |
TOP OF THE 2ND |
Minnesota ManBearPigs batting - Pitching for Wilmington Rebels : LHP Ken Johnston
|
Batting: RHB Tom Hicks
|
0-0: Fly out, F8 (Flyball, 89S)
|
Batting: RHB Jeffrey Hicks
|
0-0: Swinging Strike 0-1: Foul Ball, location: 2F 0-2: Strikes out looking
|
Batting: RHB Juan Trujillo
|
0-0: Foul Ball, location: 2F 0-1: Ball 1-1: Ball 2-1: Swinging Strike 2-2: Ball 3-2: Strikes out swinging
|
Top of the 2nd over - 0 run(s), 0 hit(s), 0 error(s), 0 left on base; Minnesota 0 - Wilmington 2 |
BOTTOM OF THE 2ND |
Wilmington Rebels batting - Pitching for Minnesota ManBearPigs : LHP Rob Price
|
Batting: RHB Henry Dawson
|
0-0: Ball 1-0: Called Strike 1-1: Foul Ball, location: 2F 1-2: Strikes out swinging
|
Batting: RHB Anastasio Movonda
|
0-0: Called Strike 0-1: Ball 1-1: Foul Ball, location: 2F 1-2: Foul Ball, location: 2F 1-2: Foul Ball, location: 2F 1-2: Hit by Pitch
|
Batting: RHB Andrew Deal
|
0-0: Foul Ball, location: 2F 0-1: Called Strike 0-2: SINGLE (Groundball, 56S) (infield hit) Anastasio Movonda to second
|
Batting: RHB Jessie Thompson
|
0-0: Ball 1-0: Swinging Strike 1-1: Foul Ball, location: 2F 1-2: Hit by Pitch Anastasio Movonda to third Andrew Deal to second
|
Batting: LHB Larry Smith
|
0-0: Called Strike 0-1: Ball 1-1: Fly out, F8 (Flyball, 8RM) Runner from 3rd tags up, SCORES, no throw
|
Batting: RHB Remi Eruzione
|
0-0: Called Strike 0-1: Ball 1-1: Foul Ball, location: 2F 1-2: Ball 2-2: Ball 3-2: Strikes out swinging
|
Bottom of the 2nd over - 1 run(s), 1 hit(s), 0 error(s), 2 left on base; Minnesota 0 - Wilmington 3 |
TOP OF THE 3RD |
Minnesota ManBearPigs batting - Pitching for Wilmington Rebels : LHP Ken Johnston
|
Batting: RHB Ichizo Akiyama
|
0-0: Ball 1-0: Ball 2-0: Ball 3-0: Base on Balls
|
Batting: LHB Dave Raines
|
0-0: Ball 1-0: Ball 2-0: Ball 3-0: Called Strike 3-1: Called Strike 3-2: Foul Ball, location: 2F 3-2: Base on Balls Ichizo Akiyama to second
|
Batting: RHB Ben Barker
|
0-0: Ball 1-0: Ball 2-0: Ball 3-0: Base on Balls Ichizo Akiyama to third Dave Raines to second
|
Batting: LHB Elvin Summers
|
0-0: Fielders Choice at 2nd, 4-6 (Groundball, 4) Ichizo Akiyama scores Dave Raines to third
|
Batting: RHB Carlos López
|
0-0: Swinging Strike 0-1: Ball 1-1: Called Strike 1-2: Foul Ball, location: 2F 1-2: Strikes out swinging
|
Batting: RHB Ricardo Salazar
|
0-0: Called Strike 0-1: Called Strike 0-2: Ball 1-2: Strikes out looking
|
Top of the 3rd over - 1 run(s), 0 hit(s), 0 error(s), 2 left on base; Minnesota 1 - Wilmington 3 |
BOTTOM OF THE 3RD |
Wilmington Rebels batting - Pitching for Minnesota ManBearPigs : LHP Rob Price
|
Batting: RHB Eugene Allen
|
0-0: SOLO HOME RUN (Flyball, 78XD), Distance : 387 ft
|
Batting: RHB Al Reese
|
0-0: Called Strike 0-1: Foul Ball, location: 2F 0-2: Ball 1-2: Ball 2-2: TRIPLE (Flyball, 8LD)
|
Batting: RHB Sergio Moreno
|
0-0: Ball 1-0: Fly out, F8 (Flyball, 8LD) Runner from 3rd tags up, SCORES, no throw
|
Batting: RHB Henry Dawson
|
0-0: Called Strike 0-1: Ground out 1-3 (Groundball, P)
|
Pitching: RHP Gabriel McDaniel
|
|
Batting: RHB Anastasio Movonda
|
0-0: Ball 1-0: Ball 2-0: Ball 3-0: Called Strike 3-1: Base on Balls
|
Batting: RHB Andrew Deal
|
0-0: Called Strike 0-1: Foul Ball, location: 2F 0-2: Ball 1-2: Strikes out swinging
|
Bottom of the 3rd over - 2 run(s), 2 hit(s), 0 error(s), 1 left on base; Minnesota 1 - Wilmington 5 |
TOP OF THE 4TH |
Minnesota ManBearPigs batting - Pitching for Wilmington Rebels : LHP Ken Johnston
|
Batting: RHB Tom Hicks
|
0-0: Swinging Strike 0-1: Ball 1-1: Fly out, F9 (Flyball, 9LMF)
|
Batting: RHB Jeffrey Hicks
|
0-0: Called Strike 0-1: Ball 1-1: Ball 2-1: Fly out, F4 (Line Drive, 34)
|
Batting: RHB Juan Trujillo
|
0-0: Ball 1-0: Ball 2-0: Fly out, F7 (Line Drive, 7LM)
|
Top of the 4th over - 0 run(s), 0 hit(s), 0 error(s), 0 left on base; Minnesota 1 - Wilmington 5 |
BOTTOM OF THE 4TH |
Wilmington Rebels batting - Pitching for Minnesota ManBearPigs : RHP Gabriel McDaniel
|
Batting: RHB Jessie Thompson
|
0-0: Ball 1-0: Foul Ball, location: 2F 1-1: Ball 2-1: Ball 3-1: Ground out 6-3 (Groundball, 6)
|
Batting: LHB Larry Smith
|
0-0: Called Strike 0-1: Ball 1-1: Ball 2-1: Foul Ball, location: 2F 2-2: Ball 3-2: Foul Ball, location: 2F 3-2: Base on Balls
|
Batting: RHB Remi Eruzione
|
0-0: Ball 1-0: Fly out, F7 (Flyball, 7)
|
Batting: RHB Eugene Allen
|
0-0: Foul Ball, location: 2F 0-1: Fly out, F7 (Flyball, 7S)
|
Bottom of the 4th over - 0 run(s), 0 hit(s), 0 error(s), 1 left on base; Minnesota 1 - Wilmington 5 |
TOP OF THE 5TH |
Minnesota ManBearPigs batting - Pitching for Wilmington Rebels : LHP Ken Johnston
|
Batting: RHB Ichizo Akiyama
|
0-0: Called Strike 0-1: Ball 1-1: Fly out, F5 (Popup, 5S)
|
Batting: LHB Dave Raines
|
0-0: Called Strike 0-1: Foul Ball, location: 2F 0-2: Foul Ball, location: 2F 0-2: Ball 1-2: Strikes out swinging
|
Batting: RHB Ben Barker
|
0-0: Ball 1-0: Foul Ball, location: 2F 1-1: Swinging Strike 1-2: Foul Ball, location: 2F 1-2: Strikes out swinging
|
Top of the 5th over - 0 run(s), 0 hit(s), 0 error(s), 0 left on base; Minnesota 1 - Wilmington 5 |
BOTTOM OF THE 5TH |
Wilmington Rebels batting - Pitching for Minnesota ManBearPigs : RHP Gabriel McDaniel
|
Batting: RHB Al Reese
|
0-0: Ball 1-0: Foul Ball, location: 2F 1-1: Swinging Strike 1-2: Foul Ball, location: 2F 1-2: Foul Ball, location: 2F 1-2: Strikes out swinging
|
Batting: RHB Sergio Moreno
|
0-0: Swinging Strike 0-1: Ball 1-1: Called Strike 1-2: Strikes out swinging
|
Batting: RHB Henry Dawson
|
0-0: Called Strike 0-1: Foul Ball, location: 2F 0-2: Ball 1-2: Ball 2-2: Ball 3-2: Foul Ball, location: 2F 3-2: Base on Balls
|
Batting: RHB Anastasio Movonda
|
0-0: Called Strike 0-1: Ball 1-1: Called Strike Henry Dawson steals 2nd base 1-2: Strikes out looking
|
Bottom of the 5th over - 0 run(s), 0 hit(s), 0 error(s), 1 left on base; Minnesota 1 - Wilmington 5 |
TOP OF THE 6TH |
Minnesota ManBearPigs batting - Pitching for Wilmington Rebels : LHP Ken Johnston
|
Batting: LHB Elvin Summers
|
0-0: Swinging Strike 0-1: Ball 1-1: Called Strike 1-2: Ground out 6-3 (Groundball, 6)
|
Batting: RHB Carlos López
|
0-0: SINGLE (Groundball, 34D)
|
Batting: RHB Ricardo Salazar
|
0-0: Ball 1-0: Swinging Strike 1-1: Swinging Strike 1-2: Foul Ball, location: 2F 1-2: Strikes out swinging
|
Batting: RHB Tom Hicks
|
0-0: Ball 1-0: Ball 2-0: Foul Ball, location: 2F 2-1: Ball 3-1: Called Strike 3-2: Foul Ball, location: 2F 3-2: Foul Ball, location: 2F 3-2: Base on Balls Carlos López to second
|
Batting: RHB Jeffrey Hicks
|
0-0: Called Strike 0-1: Ball 1-1: Fielders Choice at 2nd, 4-6 (Groundball, 4)
|
Top of the 6th over - 0 run(s), 1 hit(s), 0 error(s), 1 left on base; Minnesota 1 - Wilmington 5 |
BOTTOM OF THE 6TH |
Wilmington Rebels batting - Pitching for Minnesota ManBearPigs : RHP Gabriel McDaniel
|
Batting: RHB Andrew Deal
|
0-0: Called Strike 0-1: Hit by Pitch
|
Batting: RHB Jessie Thompson
|
0-0: Called Strike 0-1: Called Strike 0-2: Grounds into double play, 5-4-3 (Groundball, 5L)
|
Batting: LHB Larry Smith
|
0-0: Called Strike 0-1: Ball 1-1: Foul Ball, location: 2F 1-2: Fly out, F6 (Popup, 6)
|
Bottom of the 6th over - 0 run(s), 0 hit(s), 0 error(s), 0 left on base; Minnesota 1 - Wilmington 5 |
TOP OF THE 7TH |
Minnesota ManBearPigs batting - Pitching for Wilmington Rebels : LHP Ken Johnston
|
Batting: RHB Juan Trujillo
|
0-0: Called Strike 0-1: Ball 1-1: Ball 2-1: Ball 3-1: SINGLE (Groundball, 6MD)
|
Batting: RHB Ichizo Akiyama
|
0-0: SINGLE (Groundball, 13S) (infield hit) Juan Trujillo to second
|
Batting: LHB Dave Raines
|
0-0: Foul Ball, location: 2F 0-1: Ball 1-1: Foul Ball, location: 2F 1-2: Strikes out swinging
|
Pitching: RHP Thomas Dent
|
|
Batting: RHB Ben Barker
|
0-0: Ball Juan Trujillo steals 3rd base Ichizo Akiyama to second 1-0: Ball 2-0: Ball 3-0: Base on Balls
|
Batting: LHB Elvin Summers
|
0-0: Called Strike 0-1: Ball 1-1: Ball 2-1: Ball 3-1: Base on Balls Juan Trujillo scores Ichizo Akiyama to third Ben Barker to second
|
Pinch Hitting: LHB Ramiro Muńóz
|
0-0: Called Strike 0-1: Swinging Strike 0-2: Ball 1-2: Strikes out swinging
|
Batting: RHB Ricardo Salazar
|
0-0: Called Strike 0-1: Fly out, F8 (Flyball, 8RS)
|
Top of the 7th over - 1 run(s), 2 hit(s), 0 error(s), 3 left on base; Minnesota 2 - Wilmington 5 |
BOTTOM OF THE 7TH |
Wilmington Rebels batting - Pitching for Minnesota ManBearPigs : RHP Gabriel McDaniel
|
Pitching: RHP Danny Johnston
|
|
Now at SS: Juan Carlos González
|
|
Batting: RHB Remi Eruzione
|
0-0: Called Strike 0-1: Called Strike 0-2: Strikes out looking
|
Batting: RHB Eugene Allen
|
0-0: Called Strike 0-1: Ball 1-1: Ground out 6-3 (Groundball, 6)
|
Batting: RHB Al Reese
|
0-0: Called Strike 0-1: Hit by Pitch
|
Batting: RHB Sergio Moreno
|
0-0: Called Strike 0-1: Swinging Strike 0-2: Ball 1-2: Strikes out looking
|
Bottom of the 7th over - 0 run(s), 0 hit(s), 0 error(s), 1 left on base; Minnesota 2 - Wilmington 5 |
TOP OF THE 8TH |
Minnesota ManBearPigs batting - Pitching for Wilmington Rebels : RHP Thomas Dent
|
Batting: RHB Tom Hicks
|
0-0: Called Strike 0-1: Called Strike 0-2: Fly out, F8 (Flyball, 8LD)
|
Batting: RHB Jeffrey Hicks
|
0-0: Called Strike 0-1: Ball 1-1: Foul Ball, location: 2F 1-2: Foul Ball, location: 2F 1-2: Ball 2-2: Strikes out swinging
|
Batting: RHB Juan Trujillo
|
0-0: Ball 1-0: Ball 2-0: Ball 3-0: Base on Balls
|
Batting: RHB Ichizo Akiyama
|
0-0: Ball 1-0: Foul Ball, location: 2F 1-1: Fielders Choice at 2nd, 6-4 (Groundball, 6)
|
Top of the 8th over - 0 run(s), 0 hit(s), 0 error(s), 0 left on base; Minnesota 2 - Wilmington 5 |
BOTTOM OF THE 8TH |
Wilmington Rebels batting - Pitching for Minnesota ManBearPigs : RHP Danny Johnston
|
Batting: RHB Henry Dawson
|
0-0: Swinging Strike 0-1: Ball 1-1: Ball 2-1: Swinging Strike 2-2: Ball 3-2: Ground out 6-3 (Groundball, 6)
|
Batting: RHB Anastasio Movonda
|
0-0: Ball 1-0: Foul Ball, location: 2F 1-1: Foul Ball, location: 2F 1-2: Ball 2-2: Fly out, F9 (Flyball, 9S)
|
Batting: RHB Andrew Deal
|
0-0: Foul Ball, location: 2F 0-1: Foul Ball, location: 2F 0-2: Foul Ball, location: 2F 0-2: Ball 1-2: Ground out 5-3 (Groundball, 5L)
|
Bottom of the 8th over - 0 run(s), 0 hit(s), 0 error(s), 0 left on base; Minnesota 2 - Wilmington 5 |
TOP OF THE 9TH |
Minnesota ManBearPigs batting - Pitching for Wilmington Rebels : RHP Thomas Dent
|
Pitching: RHP Kip Brown
|
|
Batting: LHB Dave Raines
|
0-0: Ball 1-0: Ball 2-0: Ground out 6-3 (Groundball, 6)
|
Batting: RHB Ben Barker
|
0-0: Foul Ball, location: 2F 0-1: Foul Ball, location: 2F 0-2: Ground out 5-3 (Groundball, 5S)
|
Batting: LHB Elvin Summers
|
0-0: Called Strike 0-1: Swinging Strike 0-2: Ball 1-2: Strikes out looking
|
Top of the 9th over - 0 run(s), 0 hit(s), 0 error(s), 0 left on base; Minnesota 2 - Wilmington 5 |
|